 Dungeon Crawl Stone Soup version 0.31-a0-267-g3fc6992b3b (webtiles) character file.

Game seed: 4464212247625378967

58 qw the Shooter (level 4, -6/26 HPs)
             Began as a Gargoyle Hexslinger on July 14, 2023.
             Killed by divine providence
             ... invoked by an orc priest
              (8 damage)
             ... on level 3 of the Dungeon.
             The game lasted 00:00:47 (2009 turns).

qw the Shooter (Gargoyle Hexslinger)                Turns: 2009, Time: 00:00:47

Health: -6/26      AC:  6    Str: 12    XL:     4   Next: 2%
Magic:  5/5        EV: 12    Int: 13    God:
Gold:   63         SH:  0    Dex: 14    Spells: 4/5 levels left

rFire   . . .        Y - +1 sling
rCold   . . .        (no shield)
rNeg    + . .        c - +0 robe
rPois   inf          g - +0 hat {SInv}
rElec   +            h - +0 cloak
rCorr   .            (no gloves)
SInv    +            (no boots)
Will    .....        (no amulet)
Stlth   +            (no ring)
HPRegen 0.24/turn    (no ring)
MPRegen 0.09/turn

%: no passive effects
@: no status effects
A: sickness immunity, AC +3, negative energy resistance 1, electricity
resistance, torment resistance 1, petrification resistance
a: no special abilities


You were on level 3 of the Dungeon.
You visited 1 branch of the dungeon, and saw 3 of its levels.

You collected 111 gold pieces.
You spent 48 gold pieces at shops.


Innate Abilities, Weirdness & Mutations

You are immune to sickness and miasma.
Your stone body is resilient. (AC +3)
You are immune to poison.
You resist negative energy. (rN+)
You are resistant to electric shocks. (rElec)
You are resistant to unholy torment.
You are immune to petrification.


   Skills:
 - Level 2.0 Fighting
 + Level 3.8 Ranged Weapons
 - Level 1.5 Dodging
 - Level 1.0 Spellcasting
 - Level 2.6 Hexes


You had 4 spell levels left.
You knew the following spells:

 Your Spells              Type           Power      Damage    Failure   Level
a - Slow                  Hex            28%        N/A       10%         1

Your spell library contained the following spells:

 Spells                   Type           Power      Damage    Failure   Level
 Inner Flame              Hex/Fire       4%         N/A       43%         3
 Portal Projectile        Hex/Tloc       8%         N/A       43%         3
 Cause Fear               Hex            3%         N/A       67%         4

Inventory:

Hand Weapons
 Y - a +1 sling (weapon)
Armour
 c - a +0 robe (worn)
 g - a +0 hat of see invisible (worn)
 h - a +0 cloak (worn)
Scrolls
 i - 3 scrolls of identify
 j - a scroll of amnesia {unknown}
 k - a scroll of immolation {unknown}
 l - a scroll of noise {unknown}
Potions
 a - a potion of cancellation {unknown}
 b - a potion of curing {unknown}
 d - a potion of mutation {unknown}
 e - a potion of haste {unknown}
 f - a potion of magic {unknown}
 m - a potion of brilliance {unknown}
 n - 2 potions of lignification {unknown}
 o - a potion of attraction {unknown}

Dungeon Overview and Level Annotations

Branches:
Dungeon (3/15)

Altars:

Shops:
D:3 ?


Message History

You shoot a sling bullet.
The sling bullet barely misses the orc priest.
The orc hits you but does no damage.
The orc priest hits you but does no damage.
You shoot a sling bullet. The sling bullet hits the orc priest.
The orc priest is severely wounded.
The orc hits you but does no damage. The orc priest closely misses you.
The orc hits you but does no damage. The orc priest barely misses you.
You shoot a sling bullet. The sling bullet hits the orc priest.
The orc priest is almost dead.
The orc barely misses you. The orc priest misses you.
You shoot a sling bullet.
The sling bullet closely misses the orc priest.
The orc misses you.
The orc priest invokes the aid of Beogh against you.
Pain shoots through your body!
You shoot a sling bullet.
The sling bullet barely misses the orc priest.
The orc hits you but does no damage.
The orc priest hits you but does no damage.
You shoot a sling bullet.
The sling bullet closely misses the orc priest.
The orc misses you.
The orc priest hits you with a +0 hand axe.
You shoot a sling bullet.
The sling bullet barely misses the orc priest.
The orc hits you but does no damage. The orc priest closely misses you.
The orc closely misses you.
The orc priest hits you with a +0 hand axe.
You shoot a sling bullet. The sling bullet hits the orc priest.
The orc priest is almost dead.
The orc hits you with a +0 club.
An orc comes into view. It is wielding a +0 flail.
The orc priest hits you but does no damage.
You shoot a sling bullet.
The sling bullet closely misses the orc priest.
The orc hits you but does no damage.
The orc priest invokes the aid of Beogh against you.
Beogh smites you!
You die...

###### .....# #########
.###.###########oo......
.# #..........##@# .#
#.##.#####.##.#
.....#...#......o#####
#####......##.<......#
##...#.#####.###.#
##.##.# #%# #.##.# #.#
#.##.. ... #+#### ##.


You could see an orc priest and 2 orcs.

Vanquished Creatures
  A worm (D:2)
  4 endoplasms
  4 giant cockroaches
  2 goblins
  4 hobgoblins
  3 jackals (D:1)
  3 quokkas
  6 ball pythons
  A bat (D:3)
  4 frilled lizards
  4 kobolds
  21 rats
57 creatures vanquished.

Notes
Turn   | Place    | Note
-------+----------+-------------------------------------------
     0 | D:1      | qw the Gargoyle Hexslinger began the quest for the Orb.
     0 | D:1      | Reached XP level 1. HP: 12/12 MP: 2/2
     0 | D:1      | 0 ||| qw: Version: 0.3-a-52-g30416fa
     0 | D:1      | 0 ||| qw: Game counter: 7842
     0 | D:1      | 0 ||| qw: Melee chars always use a shield: true
     0 | D:1      | 0 ||| qw: God list: Okawaru
     0 | D:1      | 0 ||| qw: Allow faded altars: false
     0 | D:1      | 0 ||| qw: Do Orc after clearing Dungeon:15 true
     0 | D:1      | 0 ||| qw: Do second Lair branch before Depths: true
     0 | D:1      | 0 ||| qw: Lair rune preference: random
     0 | D:1      | 0 ||| qw: Goals: Normal
     0 | D:1      | 0 ||| PLANNING D:1-11
   203 | D:1      | Reached XP level 2. HP: 16/16 MP: 3/3
   355 | D:1      | Reached skill level 3 in Ranged Weapons
   586 | D:1      | Found a faded altar of an unknown god.
   662 | D:1      | 662 ||| UPGRADING to +0 hat of see invisible.
   667 | D:1      | 667 ||| READING 2 scrolls labelled YROIKHLERAO.
   668 | D:1      | 668 ||| READING scroll labelled IREEWI REVVAHI.
   669 | D:1      | 669 ||| READING scroll labelled SUAJUD GOCOECO.
   670 | D:1      | 670 ||| DROPPING scroll of fog.
   671 | D:1      | 671 ||| DROPPING scroll of poison.
   719 | D:2      | Reached XP level 3. HP: 21/21 MP: 4/4
  1088 | D:2      | 1088 ||| UPGRADING to +0 cloak.
  1093 | D:2      | 1093 ||| READING scroll labelled DOICOF LOYNE.
  1144 | D:3      | 1144 ||| STAIRDANCE
  1233 | D:3      | Found Meypoth's Magic Scroll Shop.
  1246 | D:3      | 1246 ||| SHOPLISTING scroll of enchant armour (90 gold,
                  | have 71).
  1246 | D:3      | 1246 ||| SHOPLISTING scroll of enchant weapon (90 gold,
                  | have 71).
  1246 | D:3      | 1246 ||| BUYING scroll of identify (24 gold).
  1246 | D:3      | Bought a scroll of identify for 24 gold pieces
  1246 | D:3      | 1246 ||| BUYING scroll of identify (24 gold).
  1246 | D:3      | Bought a scroll of identify for 24 gold pieces
  1857 | D:3      | Reached XP level 4. HP: 26/26 MP: 5/5
  2007 | D:3      | HP: 3/26 [orc priest/+0 hand axe (6)]
  2009 | D:3      | Killed from afar by an orc priest

Levels and vault maps discovered:
D:1:      co_arrival_square_in_a_square_in_a_square, layout_basic,
          shapermc_ecumenical_altar_mp_ritualfount,
          chequers_serial_rivers_micro_e, minmay_stone_trees_medium,
          nicolae_titane
D:2:      layout_rooms
D:3:      layout_loops_corners, led_sif_pool, serial_shops, shop,
          minmay_rat_hole

Skill      XL: |  1  2 |
---------------+-------+-----
Ranged Weapons | 3 |  3.8
Fighting       | 2 |  2.0
Dodging        | |  1.5
Spellcasting   | |  1.0
Hexes          | |  2.6

Action                     |  1- 3 |  4- 6 || total
---------------------------+-------+-------++-------
   Fire: Sling             |   153 |    28 ||   181
    Use: Scroll            |     4 |       ||     4
 Armour: Robe              |    28 |    13 ||    41
  Dodge: Dodged            |    56 |    16 ||    72

Table legend:
 A = Non-vault XP
 B = Vault XP
 C = Vault XP percentage of total XP
 D = Non-vault monster count
 E = Vault monster count
 F = Vault count percentage of total count
                 A         B        C        D         E       F
            +---------+---------+-------+---------+---------+-------
      Total |      64 |      20 |  23.8 |      38 |      19 |  33.3
            +---------+---------+-------+---------+---------+-------
        D:1 |      32 |       0 |   0.0 |      19 |       0 |   0.0
        D:2 |      21 |       0 |   0.0 |      11 |       0 |   0.0
        D:3 |      11 |      20 |  64.5 |       8 |      19 |  70.4
            +---------+---------+-------+---------+---------+-------
